 Dungeon Crawl Stone Soup version 0.21.1-1-g345015f (webtiles) character file.

33 vatarom the Chopper (level 3, -2/34 HPs)
             Began as a Deep Dwarf Fighter on Apr 20, 2018.
             Slain by a sky beast (5 damage)
             ... on level 1 of the Dungeon.
             The game lasted 00:01:51 (1089 turns).

vatarom the Chopper (Deep Dwarf Fighter)            Turns: 1089, Time: 00:01:52

Health: -2/34      AC:  9    Str: 19    XL:     3   Next: 12%
Magic:  3/3        EV:  7    Int:  8    God:
Gold:   33         SH:  9    Dex: 13    Spells: 2/2 levels left

rFire    . . .     SeeInvis .   a - +0 war axe
rCold    . . .     Gourm    .   c - +0 shield
rNeg     . . .     Faith    .   b - +0 scale mail
rPois    .         Spirit   .   j - +0 helmet
rElec    .         Reflect  .   (no cloak)
rCorr    .         Harm     .   (no gloves)
MR       .....                  h - +0 pair of boots
Stlth    ..........             (no amulet)
HPRegen  0.00/turn              (no ring)
MPRegen  0.08/turn              (no ring)

@: non-regenerating
A: damage resistance, heal wounds, sense surroundings 1, no regeneration
a: Heal Wounds


You were on level 1 of the Dungeon.
You were hungry.

You visited 1 branch of the dungeon, and saw 2 of its levels.

You collected 33 gold pieces.

Inventory:

Hand Weapons
 a - a +0 war axe (weapon)
Armour
 b - a +0 scale mail (worn)
 c - a +0 shield (worn)
 h - a +0 pair of boots (worn)
 j - a +0 helmet (worn)
Scrolls
 e - a scroll of immolation {unknown}
 i - a scroll of fog {unknown}
 k - a scroll of teleportation {unknown}
Potions
 d - a potion of might
 g - 2 potions of flight {unknown}
Comestibles
 f - 4 rations


   Skills:
 + Level 3.1 Fighting
 * Level 3.5 Axes
 - Level 3.2 Armour
 - Level 3.2 Shields


You had 2 spell levels left.
You didn't know any spells.

Dungeon Overview and Level Annotations

Branches:
Dungeon (2/15)

Altars:


Innate Abilities, Weirdness & Mutations

You are resistant to damage.
You can heal yourself by infusing magical energy.
You passively map a small area around you.
You do not regenerate.


Message History

Something hits you but does no damage.
Your shield prevents you from hitting something.
Something hits you but does no damage.
You miss something.
Something hits you but does no damage. x2
You miss something. Something hits you. Something shocks you.
You hit something but do no damage. Something hits you. Something shocks you.
You completely miss something.
Something hits you but does no damage. x2
You barely miss something. You block something's attack.
You hit something.
A sky beast appears from thin air!
Reactivating autopickup.
The sky beast hits you. The sky beast shocks you. The sky beast hits you.
* * * LOW HITPOINT WARNING * * *
The sky beast shocks you.
* * * LOW HITPOINT WARNING * * *
You hit the sky beast but do no damage.
The sky beast is severely wounded.
The sky beast hits you.
* * * LOW HITPOINT WARNING * * *
The sky beast shocks you.
You die...

...#.##..........#.#..#.....#####
##.#.##.#.######......#..........
##......#.# #..###.#.....#####
##........# #..###.##...##
###...##### #......###.## # ##.##
##..#### #.# #.# ##.# ##.#######
#.# #####.### #......... ####+##
#.Y@....# #.....###. .##...##
#>###.#.# #.###.# #. .......##
#.# #.#.# #.###.###. ........##
##.###.#.# #.........
♣........####......#.######...###
♣♣♣......'......^................
♣♣♣....####...####.######...###
♣♣♣♣...##...####.# ##.##
♣♣♣...........# #.#


You could see a sky beast.

Vanquished Creatures
  A worm (D:1)
  A dart slug (D:1)
  A leopard gecko (D:1)
  5 goblins (D:1)
  4 jackals (D:2)
  3 kobolds (D:1)
  A quokka (D:2)
  5 bats (D:1)
  3 frilled lizards (D:1)
  3 rats (D:1)
27 creatures vanquished.

Notes
Turn   | Place    | Note
-------+----------+-------------------------------------------
     0 | D:1      | vatarom the Deep Dwarf Fighter began the quest for the Orb.
     0 | D:1      | Reached XP level 1. HP: 20/20 MP: 1/1
   266 | D:1      | Reached XP level 2. HP: 25/27 MP: 2/2
  1041 | D:2      | Reached XP level 3. HP: 32/34 MP: 3/3
  1042 | D:2      | Noticed a sky beast
  1089 | D:1      | Slain by a sky beast

Skill      XL: |  1  2 |
---------------+-------+-----
Axes           | 3 |  3.5
Fighting       | 3 |  3.1
Armour         | |  3.2
Shields        | |  3.2

Action                   || total
-------------------------++-------
Melee: War axe           ||   109
 Abil: Heal Wounds       ||     1
Armor: Scale mail        ||    65
Dodge: Dodged            ||    26
Block: Shield            ||    65
